Map: Dusk Towers

Players

Lee - Winner!

  • Race: Protoss Protoss
  • League: Diamond

LilDicky

  • Race: Terran Terran
  • League: Diamond

VOD

http://www.twitch.tv/tumescentpie

Description

Time

  • Played on: Jan. 2, 2016, 10:13 a.m.
  • Length: 15:34
Show
View Real Time Build Order
Export as new Build Order

Lee Protoss - Winner!

Build Orders: 1 Gate Expand 

Get SALT Encoding   

  12  0:01  Probe (Chrono Boost)  
  13  0:12  Probe (Chrono Boost)  
  14  0:18  Pylon  
  14  0:22  Probe (Chrono Boost)  
  15  0:36  Probe (Chrono Boost)  
  15  0:38  Gateway  
  16  0:47  Assimilator  
  16  0:48  Probe (Chrono Boost)  
  17  0:59  Probe (Chrono Boost)  
  18  1:09  Probe (Chrono Boost)  
  19  1:24  Nexus  
  19  1:33  Cybernetics Core  
  19  1:38  Probe (Chrono Boost)  
  20  1:44  Assimilator  
  20  1:49  Probe (Chrono Boost)  
  21  1:54  Pylon  
  21  2:02  Probe (Chrono Boost)  
  21  2:13  Mothership Core (Chrono Boost)  
  21  2:14  Warp Gate  
  23  2:18  Adept  
  25  2:30  Pylon  
  25  2:31  Probe (Chrono Boost)  
  27  2:37  Probe (Chrono Boost)  
  27  2:42  Probe (Chrono Boost)  
  28  2:45  Robotics Facility  
  28  2:53  Adept  
  28  2:58  Probe x2 (Chrono Boost)  
  32  3:08  Probe (Chrono Boost)  
  32  3:12  Probe (Chrono Boost)  
  34  3:19  Probe (Chrono Boost)  
  35  3:22  Probe (Chrono Boost)  
  36  3:32  Gateway  
  36  3:34  Warp Prism (Chrono Boost)  
  36  3:35  Gateway  
  36  3:39  Probe  
  39  3:45  Probe  
  40  3:52  Probe  
  40  3:55  Probe, Assimilator  
  41  3:56  Pylon  
  42  4:08  Twilight Council, Observer (Chrono Boost)  
  43  4:28  Observer (Chrono Boost)  
  44  4:31  Probe  
  44  4:33  Probe  
  44  4:35  Adept  
  44  4:36  Adept  
  44  5:04  Adept x3  
  48  5:08  Mothership Core  
  41  5:37  Probe  
  41  5:39  Probe  
  43  5:43  Pylon  
  43  5:46  Assimilator  
  43  5:48  Probe  
  44  5:51  Probe  
  45  5:58  Stalker x3, Probe  
  45  6:02  Nexus  
  45  6:03  Probe  
  53  6:09  Probe  
  54  6:15  Probe  
  55  6:19  Probe, Forge  
  56  6:27  Probe  
  56  6:30  Probe, Robotics Bay  
  58  6:39  Probe  
  58  6:55  Adept  
  58  6:56  Adept  
  59  7:17  Stalker x2  
  63  7:24  Pylon  
  63  7:26  Pylon  
  63  7:47  Stalker x2  
  61  7:52  Probe  
  61  7:53  Probe x2  
  64  7:59  Twilight Council, Protoss Ground Armor Level 1 (Chrono Boost)  
  64  8:00  Disruptor  
  64  8:03  Probe x2  
  69  8:12  Stalker x2  
  56  8:21  Gateway  
  56  8:28  Gateway x2  
  56  8:30  Gateway  
  56  8:31  Probe  
  56  8:32  Probe  
  58  8:36  Blink (Chrono Boost)  
  56  8:46  Stalker  
  58  8:54  Stalker  
  58  8:56  Probe  
  58  8:57  Probe  
  58  8:58  Disruptor  
  65  9:10  Mothership Core  
  63  9:21  Stalker  
  63  9:22  Stalker  
  67  9:27  Stalker  
  67  9:28  Stalker  
  69  9:41  Stalker  
  69  9:42  Stalker  
  71  9:55  Stalker  
  71  9:56  Stalker x2  
  75  10:15  Stalker  
  77  10:22  Protoss Ground Weapons Level 1  
  77  10:34  Stalker, Nexus  
  77  10:35  Stalker  
  73  10:37  Pylon  
  73  10:38  Pylon  
  73  10:40  Pylon  
  69  10:47  Disruptor  
  72  10:55  Forge  
  70  11:04  Stalker x2  
  70  11:05  Stalker x3  
  70  11:06  Stalker  
  70  11:07  Probe  
  70  11:09  Probe  
  78  11:23  Photon Cannon  
  78  11:25  Photon Cannon  
  78  11:33  Stalker  
  78  11:34  Stalker x5  
  78  11:35  Disruptor  
  91  11:40  Assimilator  
  91  11:44  Assimilator  
  91  11:47  Pylon x2  
  91  11:50  Probe, Pylon  
  91  11:52  Probe  
  93  11:59  Protoss Ground Armor Level 2 (Chrono Boost)  
  93  12:07  Probe  
  93  12:08  Probe x2  
  95  12:12  Templar Archives  
  96  12:17  Probe, Photon Cannon  
  96  12:18  Probe  
  96  12:20  Probe  
  99  12:27  Stalker  
  99  12:28  Probe  
  99  12:29  Probe  
  102  12:30  Stalker  
  102  12:32  Probe  
  95  12:38  Probe  
  95  12:40  Probe  
  91  12:44  Probe, Disruptor  
  91  12:48  Protoss Ground Weapons Level 2 (Chrono Boost)  
  91  12:49  Probe  
  96  12:56  High Templar x3  
  96  12:57  High Templar  
  96  12:58  High Templar x2  
  108  13:01  Archon x2  
  108  13:02  Archon  
  108  13:05  Photon Cannon  
  108  13:18  Pylon  
  108  13:26  Gateway  
  108  13:29  Gateway  
  108  13:30  Gateway  
  108  13:31  Stalker x3  
  108  13:32  Gateway  
  114  13:45  Nexus  
  114  13:47  Pylon  
  114  13:49  Pylon  
  114  13:53  High Templar x2  
  114  13:55  High Templar x2  
  120  13:57  High Templar x2  
  120  14:02  Disruptor  
  126  14:06  Pylon  
  126  14:07  Archon x2  
  126  14:08  Archon  
  129  14:13  Probe x2  
  129  14:15  Probe  
  132  14:27  Probe  
  133  14:32  Stalker x2  
  137  14:42  Stalker  
  137  14:43  Stalker  
  141  14:57  Stalker x4  
  149  15:06  Probe x2  
  149  15:07  Probe  
  149  15:08  Probe  
  149  15:19  Probe  
Show
View Real Time Build Order
Export as new Build Order

LilDicky Terran 

Build Orders: MMM Bio 

Get SALT Encoding   

  12  0:01  SCV  
  13  0:13  SCV  
  14  0:17  Supply Depot  
  14  0:25  SCV  
  15  0:29  Refinery  
  15  0:39  SCV  
  16  0:45  Barracks  
  16  0:51  SCV  
  17  1:03  SCV  
  18  1:15  SCV  
  19  1:27  SCV  
  19  1:32  Marine  
  20  1:36  Supply Depot  
  21  1:40  Orbital Command  
  21  1:51  Factory  
  21  1:52  Marine  
  22  2:07  SCV  
  23  2:09  Barracks  
  23  2:10  Barracks  
  23  2:19  SCV  
  23  2:20  Barracks Reactor  
  24  2:23  Refinery  
  24  2:31  SCV  
  25  2:42  Starport  
  25  2:44  Widow Mine  
  25  2:45  SCV  
  28  2:57  SCV  
  29  3:00  Barracks Tech Lab  
  29  3:01  Barracks Tech Lab, Marine  
  29  3:02  Marine  
  31  3:17  SCV  
  31  3:19  Medivac, Marine x2  
  35  3:24  Marine  
  35  3:25  Supply Depot  
  37  3:29  SCV  
  37  3:31  Stimpack  
  37  3:32  Marine  
  39  3:39  Supply Depot  
  39  3:46  Marine  
  39  3:47  SCV, Marine  
  42  3:50  Combat Shields  
  42  3:51  Marine  
  42  3:52  Marine  
  44  4:07  Liberator  
  44  4:11  SCV, Supply Depot, Marine  
  44  4:12  Marine x2  
  47  4:21  Marine  
  46  4:26  Widow Mine  
  46  4:29  Marine  
  52  4:34  Supply Depot  
  47  5:12  Marine  
  47  5:13  Marine  
  49  5:16  Marine x2  
  47  5:30  Marine x2  
  47  5:34  Marine x2  
  47  5:48  Marine x2  
  49  5:52  Marine x2  
  51  6:01  Command Center, Viking  
  53  6:06  Marine x2  
  53  6:10  Marine x2  
  57  6:15  Widow Mine  
  57  6:17  SCV  
  60  6:22  Supply Depot  
  60  6:24  Engineering Bay, Marine x2  
  62  6:25  Concussive Shells  
  62  6:28  Marauder, Marine  
  65  6:34  SCV  
  66  6:41  Marine  
  66  6:42  Marine  
  66  6:45  Marine  
  69  6:49  Liberator, Marine  
  70  7:28  Marine x2  
  65  7:39  Liberator  
  63  7:49  Orbital Command  
  63  7:50  SCV, Marine  
  63  7:51  Marine  
  62  7:54  Barracks, Widow Mine  
  62  7:56  Barracks  
  62  7:58  Barracks  
  57  8:16  Marine x2  
  57  8:17  Marauder  
  61  8:30  Widow Mine  
  65  8:34  SCV x2  
  65  8:39  Medivac, Marine x4  
  67  8:55  Marine x2  
  67  8:56  Marine  
  67  8:57  Marauder  
  72  9:09  Medivac  
  70  9:23  Marine  
  70  9:24  Marauder, Marine  
  72  9:25  Marine x2, Marauder  
  78  9:36  Command Center  
  68  9:52  Marine x3  
  66  9:53  Marine x3  
  66  9:54  Marauder  
  66  9:55  Medivac  
  73  10:10  Marine x5  
  73  10:11  Marauder  
  68  10:25  Marine  
  68  10:28  Marine x4  
  52  11:07  Marine x3  
  53  11:11  Liberator  
  53  11:12  Marine x2  
  53  11:18  Marine x2  
  53  11:20  SCV  
  53  11:21  SCV  
  53  11:25  Marine x3, Orbital Command  
  52  11:29  Widow Mine  
  52  11:30  Marine x2  
  52  11:32  Terran Infantry Weapons Level 1, SCV  
  61  11:33  SCV  
  61  11:36  Marauder, Marine  
  61  11:37  Starport x2  
  66  11:43  Marine x3  
  69  11:49  Marine x2  
  70  11:54  Marauder  
  70  11:58  Marauder  
  70  11:59  Missile Turret  
  74  12:02  Widow Mine  
  76  12:09  SCV, Fusion Core  
  76  12:11  Medivac  
  78  12:16  Marine  
  78  12:17  Marine x3  
  78  12:18  Marauder  
  78  12:19  Barracks Tech Lab, Marauder  
  78  12:22  SCV x2  
  84  12:34  Marine  
  75  12:41  Marine x2  
  72  12:45  Starport Tech Lab  
  72  12:46  Starport Reactor  
  72  12:50  Refinery  
  72  12:51  SCV x3, Refinery  
  75  12:59  Liberator x2  
  75  13:01  Supply Depot  
  75  13:02  Marine x2  
  77  13:13  SCV x2  
  77  13:14  Advanced Ballistics  
  77  13:18  Widow Mine  
  77  13:19  Marauder, Marine x2  
  93  13:20  SCV, Marauder  
  93  13:22  Refinery  
  93  13:23  Refinery  
  93  13:25  Medivac  
  93  13:26  Medivac  
  98  13:37  Marine x2  
  98  13:39  Orbital Command  
  100  13:43  Liberator  
  100  13:48  Missile Turret  
  100  13:49  Missile Turret  
  100  13:50  Marine x4  
  100  13:51  Missile Turret  
  104  13:58  Marine x3  
  104  14:01  Starport Reactor  
  110  14:04  Missile Turret  
  110  14:07  Factory Reactor  
  110  14:08  Marauder  
  110  14:09  Marauder  
  114  14:14  SCV x3  
  117  14:18  Orbital Command  
  117  14:33  Marauder  
  119  14:47  SCV  
  120  14:57  Marine x3  
  120  14:58  Marauder, Marine  
  120  14:59  Command Center, Medivac x2, Marauder  
  132  15:12  Supply Depot  
Tags
 
Add a new tag
Caveats
  • Supply blocks, unpowered buildings, or Contaminate may cause inaccurate times.
  • Supply counts are checked every 10 seconds.